 Dungeon Crawl Stone Soup version 0.23.1 (webtiles) character file.

Game seed: 15598979289431367820

81 misha the Cudgeler (level 4, 0/61 HPs)
             Began as a Minotaur Berserker on Mar 16, 2019.
             Was a Believer of Trog.
             Slain by an orc (2 damage)
             ... on level 3 of the Dungeon.
             The game lasted 00:05:25 (2659 turns).

misha the Cudgeler (Minotaur Berserker)             Turns: 2659, Time: 00:05:25

Health: 0/61       AC:  6    Str: 28    XL:     4   Next: 19%
Magic:  3/3        EV: 11    Int:  4    God:    Trog [**....]
Gold:   100        SH:  0    Dex:  9    Spells: 3/3 levels left

rFire    . . .     SeeInvis .   a - +0 mace
rCold    . . .     Gourm    .   (no shield)
rNeg     . . .     Faith    .   p - +0 ring mail
rPois    .         Spirit   .   (helmet restricted)
rElec    .         Reflect  .   (no cloak)
rCorr    .         Harm     .   e - +0 pair of gloves
MR       +....                  (no boots)
Stlth    ..........             (no amulet)
HPRegen  0.20/turn              o - ring of protection from magic
MPRegen  0.08/turn              (no ring)

@: berserking, starving, very quick
A: retaliatory headbutt, horns 2
a: Berserk, Trog's Hand, Renounce Religion


You were on level 3 of the Dungeon.
You worshipped Trog.
Trog was pleased with you.
You were starving.

You visited 1 branch of the dungeon, and saw 3 of its levels.

You collected 100 gold pieces.

Inventory:

Hand Weapons
 a - a +0 mace (weapon)
Missiles
 h - 27 poisoned needles
Armour
 e - a +0 pair of gloves (worn)
 p - a +0 ring mail (worn)
Jewellery
 o - a ring of protection from magic (left hand)
Wands
 s - a wand of paralysis (13)
Scrolls
 b - a scroll of amnesia {unknown}
 d - 3 scrolls of blinking {unknown}
 f - a scroll of enchant weapon {unknown}
 g - 5 scrolls of enchant armour {unknown}
 m - 2 scrolls of identify
 r - a scroll of fog {unknown}
Potions
 i - 2 potions of heal wounds {unknown}
 j - a potion of degeneration {unknown}
 k - a potion of flight {unknown}
 l - 2 potions of curing {unknown}
 n - a potion of haste {unknown}
 q - a potion of agility {unknown}
Comestibles
 c - 4 rations


   Skills:
 + Level 4.5 Fighting
 * Level 5.3 Maces & Flails
 - Level 2.5 Armour
 - Level 2.3 Dodging


You had 3 spell levels left.
You didn't know any spells.
Your spell library was empty.

Dungeon Overview and Level Annotations

Branches:
Dungeon (3/15)

Altars:
Ashenzari
Elyvilon
Ru
Sif Muna
Xom
The Shining One


Innate Abilities, Weirdness & Mutations

You reflexively headbutt those who attack you in melee.
You have a pair of horns on your head.


Message History

You are starving!
The orc wizard hits you with a +0 dagger.
The orc priest calls down the wrath of Beogh upon you.
Beogh smites you!
* * * LOW HITPOINT WARNING * * *
You barely miss the orc wizard. Your headbutt misses the orc wizard.
The orc wizard hits you with a +0 dagger.
* * * LOW HITPOINT WARNING * * *
The orc hits you with a +0 war axe!
* * * LOW HITPOINT WARNING * * *
You hit the orc wizard. You headbutt the orc wizard!
You kill the orc wizard!
Trog accepts your kill.
Trog appreciates your killing of a magic user.
You have reached level 4!
You feel stronger.
You barely miss the orc. You headbutt the orc.
The orc is almost dead.
The orc barely misses you. The orc hits you.
You die...

##. #............## ....
....#......<...##
.##..#######.####...####
........###.......### #
............<###### #
......o$#.(###
.......)#.## #..o#†.#
#...@o## ........##
.......## .......
....... .....## .....
.....


You could see an orc priest and 2 orcs.

Vanquished Creatures
  An orc wizard (D:3)
  An ooze (D:2)
  2 worms (D:2)
  2 dart slugs
  A leopard gecko (D:2)
  4 bats
  3 giant cockroaches
  3 goblins
  4 hobgoblins
  3 jackals (D:2)
  7 kobolds
  2 quokkas (D:2)
  A ball python (D:3)
  3 frilled lizards
  5 rats
  2 plants (D:1)
44 creatures vanquished.

Notes
Turn   | Place    | Note
-------+----------+-------------------------------------------
     0 | D:1      | misha the Minotaur Berserker began the quest for the Orb.
     0 | D:1      | Reached XP level 1. HP: 19/19 MP: 0/0
   493 | D:1      | Reached XP level 2. HP: 27/27 MP: 1/1
   502 | D:1      | Reached skill level 4 in Maces & Flails
  1452 | D:2      | Reached XP level 3. HP: 24/33 MP: 2/2
  1633 | D:2      | Reached ** piety under Trog
  1791 | D:2      | Found a deep blue altar of Sif Muna.
  1794 | D:2      | Found a shimmering altar of Xom.
  1794 | D:2      | Found a sacrificial altar of Ru.
  1805 | D:2      | Found a white marble altar of Elyvilon.
  1809 | D:2      | Found a shattered altar of Ashenzari.
  2194 | D:3      | Found a glowing golden altar of the Shining One.
  2530 | D:3      | Reached skill level 5 in Maces & Flails
  2656 | D:3      | HP: 2/51 [orc/+0 war axe (9)]
  2657 | D:3      | Reached XP level 4. HP: 2/41 MP: 3/3
  2659 | D:3      | Slain by an orc

Skill      XL: |  1  2  3 |
---------------+----------+-----
Maces & Flails | 4 5 |  5.3
Fighting       | 4 |  4.5
Armour         | |  2.5
Dodging        | |  2.3

Action                   |  1- 3 |  4- 6 || total
-------------------------+-------+-------++-------
Melee: Mace              |   132 |     1 ||   133
       Headbutt          |    23 |     1 ||    24
Invok: Berserk           |     1 |       ||     1
  Use: Scroll            |     1 |       ||     1
  Eat: Ration            |     1 |       ||     1
       Chunk             |     1 |       ||     1
Armor: Animal skin       |    12 |       ||    12
       Ring mail         |     7 |       ||     7
Dodge: Dodged            |    54 |     1 ||    55
